 Dungeon Crawl Stone Soup version 0.23-a0-451-g1044d4cbad (webtiles) character file.

2615 LostNumber the Caller (level 9, -4/67 HPs)
             Began as a Mummy Summoner on Nov 22, 2018.
             Was an Initiate of Gozag.
             Slain by an orc warrior
             ... wielding a +0 battleaxe
              (24 damage)
             ... on level 8 of the Dungeon on Nov 23, 2018.
             The game lasted 00:26:35 (11947 turns).

LostNumber the Caller (Mummy Summoner)             Turns: 11947, Time: 00:26:36

Health: -4/67      AC:  2    Str: 12    XL:     9   Next: 34%
Magic:  12/18      EV: 12    Int: 17    God:    Gozag
Gold:   1106       SH:  0    Dex: 12    Spells: 7/21 levels left

rFire    x . .     SeeInvis .   p - +2 rapier (venom)
rCold    + . .     Gourm    .   (no shield)
rNeg     + + +     Faith    .   a - +0 robe
rPois    ∞         Spirit   .   (no helmet)
rElec    .         Reflect  .   (no cloak)
rCorr    .         Harm     .   (no gloves)
MR       ++...                  (no boots)
Stlth    ++........             (no amulet)
HPRegen  0.21/turn              r - +3 ring of slaying
MPRegen  0.16/turn              b - ring of protection from magic

@: gold aura
A: no food or potions, fire vulnerability, cold resistance 1, negative energy
resistance 3, torment resistance, unbreathing
a: Potion Petition, Call Merchant, Bribe Branch, Renounce Religion


You were on level 8 of the Dungeon.
You worshipped Gozag.
Gozag was most pleased with you.
You were not hungry.

You visited 2 branches of the dungeon, and saw 10 of its levels.

You collected 1187 gold pieces.
You paid 81 gold pieces to Gozag.

Inventory:

Hand Weapons
 c - a +1 short sword
 o - a +2 falchion of slicing
 p - a +2 rapier of venom (weapon)
 x - a +0 spear
Armour
 a - a +0 robe (worn)
 s - a +0 buckler
Jewellery
 b - a ring of protection from magic (right hand)
 r - a +3 ring of slaying (left hand)
Wands
 k - a wand of scattershot (3)
 n - a wand of flame (18)
 t - a wand of paralysis (10)
 v - a wand of polymorph (12)
 w - a wand of digging (6)
Scrolls
 d - 2 scrolls of magic mapping
 e - a scroll of acquirement
 f - a scroll of enchant weapon
 g - 3 scrolls of remove curse
 h - 3 scrolls of fog
 i - 3 scrolls of identify
 j - 7 scrolls of teleportation
 l - a scroll of fear
 m - 2 scrolls of enchant armour
 q - a scroll of amnesia
 u - 2 scrolls of immolation


   Skills:
 + Level 4.8 Fighting
 * Level 2.2 Polearms
 - Level 1.5 Dodging
 - Level 1.5 Stealth
 + Level 6.6 Spellcasting
 * Level 6.9 Summonings
 * Level 4.4 Ice Magic
 * Level 3.3 Air Magic


You had 7 spell levels left.
You knew the following spells:

 Your Spells              Type           Power        Failure   Level  Hunger
a - Summon Small Mammal   Summ           ####         1%          1    N/A
b - Call Imp              Summ           ####....     1%          2    N/A
c - Call Canine Familiar  Summ           ####....     1%          3    N/A
d - Summon Ice Beast      Ice/Summ       ####....     12%         4    N/A
e - Summon Lightning Spi  Summ/Air       ###.....     14%         4    N/A

Your spell library contained the following spells:

 Spells                   Type           Power        Failure   Level  Hunger
 Summon Guardian Golem    Hex/Summ       ###.....     9%          3    N/A
 Animate Skeleton         Necr           N/A          12%         1    N/A
 Pain                     Necr           #...         12%         1    N/A
 Sticks to Snakes         Tmut           #.......     19%         2    N/A
 Vampiric Draining        Necr           #.........   36%         3    N/A
 Animate Dead             Necr           N/A          77%         4    N/A
 Beastly Appendage        Tmut           Unusable     N/A         1    N/A
 Regeneration             Chrm/Necr      Unusable     N/A         3    N/A
 Spider Form              Tmut/Pois      Unusable     N/A         3    N/A
 Ice Form                 Ice/Tmut       Unusable     N/A         4    N/A
 Blade Hands              Tmut           Unusable     N/A         5    N/A

Dungeon Overview and Level Annotations

Branches:
Dungeon (9/15)             Temple (1/1) D:4
   Lair: D:8-11         Orc: D:9-12

Altars:
Ashenzari
Cheibriados
Dithmenos
Elyvilon
Fedhas
Gozag
Hepliaklqana
Kikubaaqudgha
Makhleb
Nemelex Xobeh
Okawaru
Qazlal
Ru
Sif Muna
Trog
Uskayaw
Vehumet
Wu Jian
Xom
Yredelemnul
Zin
The Shining One

Shops:
D:4 =


Innate Abilities, Weirdness & Mutations

You do not eat or drink.
Your flesh is vulnerable to fire.
You are immune to poison.
Your flesh is cold resistant. (rC+)
You are immune to negative energy. (rN+++)
You are immune to unholy pain and torment.
You can survive without breathing.


Message History

Unknown command.
Your hound bites the orc warrior but does no damage.
Your hound barely misses the orc warrior.
Your hound bites the orc warrior but does no damage.
Casting: Call Canine Familiar (safe; 1% risk of failure)
Confirm with . or Enter, or press ? or * to list all spells.
A beastly little devil appears in a puff of flame.
Your crimson imp says, "I yield to your servitude, O illustrious and Your hound barely misses the orc warrior.
The orc warrior becomes distracted by your gold, dreaming of imaginary riches.
Your hound closely misses the orc warrior.
The orc warrior shouts!
Casting: Call Imp (safe; 1% risk of failure)
Confirm with . or Enter, or press ? or * to list all spells.
A shadowy apparition takes form in the air.
The orc warrior is no longer distracted by gold.
Your crimson imp closely misses the orc warrior.
The orc warrior hits you with a +0 battleaxe!!
You die...
Your body crumbles into a pile of gold.

#...#..#......##.
####..##..........##
#.##...#.(.#####...#
##.....)....###.##...
#.....#.).......#....
##>.#..#.......#....##
#..h#..##......##..###
#..5o.........##...###
##.#.@5.............))
###..................
###......#.........
#......###........
#..##.##.....!....
#...#.#...........
##..###...........
#### #...........
#...........


You could see an orc warrior, a friendly hound, a friendly crimson imp and a
friendly shadow imp.

Vanquished Creatures
  A hippogriff (D:8)
  A human (D:7)
  A yak (D:7)
  A hog (D:7)
  An orc warrior (D:7)
  A black bear (D:8)
  An ice beast (D:7)
  A phantom (D:4)
  An ogre (D:8)
  A centaur (D:7)
  Blork the orc (D:5)
  A water moccasin skeleton (D:4)
  A bullfrog zombie (D:5)
  A crimson imp (D:8)
  A hound (D:4)
  3 orc priests
  A jelly (D:8)
  An iguana (D:7)
  2 orc wizards
  A worker ant (D:6)
  A killer bee zombie (D:5)
  A hound zombie (D:6)
  A hound skeleton (D:4)
  A howler monkey zombie (D:7)
  6 gnolls
  3 adders
  A shadow imp (D:7)
  An ooze (D:1)
  An adder skeleton (D:4)
  A worm (D:4)
  14 orcs
  4 ball pythons
  6 bats
  6 giant cockroaches
  2 goblins (D:1)
  4 hobgoblins
  A jackal (D:8)
  2 quokkas
  2 frilled lizards
  8 kobolds
  4 rats
93 creatures vanquished.

Vanquished Creatures (collateral kills)
  2 hogs (D:7)
  Eustachio (D:5)
  Menkaure (D:4)
  An orc warrior (D:7)
  An ogre (D:5)
  A big kobold (D:7)
  2 bullfrogs
  A scorpion (D:6)
  3 orc priests
  2 hounds (D:4)
  A jelly (D:8)
  2 orc wizards (D:8)
  An iguana (D:5)
  2 worker ants (D:4)
  2 hound zombies
  A hound skeleton (D:4)
  A worker ant zombie (D:8)
  7 gnolls
  A shadow imp (D:8)
  2 oozes
  An adder skeleton (D:5)
  3 worms
  A leopard gecko (D:3)
  10 orcs
  A giant cockroach (D:7)
  2 goblins (D:1)
  A hobgoblin (D:3)
  3 jackals (D:8)
  5 kobolds
  A quokka (D:2)
  A bat (D:1)
  A rat (D:2)
65 creatures vanquished.

Grand Total: 158 creatures vanquished

Notes
Turn   | Place    | Note
-------+----------+-------------------------------------------
     0 | D:1      | LostNumber the Mummy Summoner began the quest for the Orb.
     0 | D:1      | Reached XP level 1. HP: 13/13 MP: 4/4
   320 | D:1      | Reached XP level 2. HP: 15/20 MP: 5/5
   324 | D:1      | Learned a level 2 spell: Call Imp
  1358 | D:2      | HP: 1/20 [gnoll/+0 spear (5)]
  1705 | D:2      | Reached skill level 1 in Fighting
  1744 | D:2      | Found a burning altar of Makhleb.
  1996 | D:2      | Reached XP level 3. HP: 25/26 MP: 7/7
  2001 | D:2      | Learned a level 3 spell: Call Canine Familiar
  2871 | D:3      | Reached XP level 4. HP: 32/32 MP: 9/9
  3361 | D:3      | Learned a level 4 spell: Summon Ice Beast
  3362 | D:4      | Found Pepis's Jewellery Boutique.
  3425 | D:4      | Noticed a bullfrog
  3433 | D:4      | Killed a bullfrog
  3441 | D:4      | Reached XP level 5. HP: 3/38 MP: 3/10
  3979 | D:4      | Reached skill level 1 in Ice Magic
  4907 | D:4      | Noticed a phantom
  5198 | D:4      | Reached XP level 6. HP: 46/46 MP: 8/12
  5555 | D:4      | Found a staircase to the Ecumenical Temple.
  5564 | Temple   | Entered the Ecumenical Temple
  5719 | Temple   | Became a worshipper of Gozag Ym Sagoz the Greedy
  5816 | D:4      | Noticed Menkaure
  5824 | D:4      | Killed Menkaure
  5824 | D:4      | Reached skill level 5 in Summonings
  6039 | D:5      | Entered Level 5 of the Dungeon
  6048 | D:5      | Noticed Blork the orc
  6067 | D:5      | Killed Blork the orc
  6149 | D:5      | Reached XP level 7. HP: 36/52 MP: 10/14
  6574 | D:5      | Reached skill level 5 in Spellcasting
  6850 | D:5      | Found a shadowy altar of Dithmenos.
  6939 | D:5      | Noticed Eustachio
  7166 | D:5      | Killed Eustachio
  7334 | D:5      | Identified a scroll of acquirement
  7514 | D:6      | Found a white marble altar of Elyvilon.
  7715 | D:6      | Learned a level 4 spell: Summon Lightning Spire
  8646 | D:7      | Found a shimmering altar of Xom.
  8686 | D:7      | Reached XP level 8. HP: 49/60 MP: 12/16
  8701 | D:7      | Reached skill level 1 in Air Magic
  9807 | D:7      | Reached skill level 1 in Polearms
 10352 | D:7      | Reached XP level 9. HP: 28/66 MP: 5/18
 11947 | D:8      | Slain by an orc warrior

Vault maps used:
D:1:      ncdulo_watergridlock, minmay_cut_off
D:2:      bloody_makhleb
D:3:      first_ration, item_on_display_a
D:4:      temple_green, serial_shops, shop_statue, kennysheep_diamond,
          uniq_menkaure
D:5:      nicolae_dithmenos_shadow_blocks, uniq_eustachio, uniq_blork_the_orc
D:6:      kennysheep_little_box
D:7:      grunt_livestock, brannock_xom_greatest_gift
D:8:      kennysheep_generic_room_11
D:9:      orc_0_dummy
Temple:   minmay_crystal_snake_temple

Skill      XL: |  1  2  3  4  5  6  7  8  9 |
---------------+----------------------------+-----
Spellcasting   | 3 4 5 6 |  6.6
Fighting       | 1 2 3 4 |  4.8
Summonings     | 4 5 6 |  6.9
Ice Magic      | 1 2 4 |  4.4
Air Magic      | 2 3 |  3.3
Polearms       | 1 2 |  2.2
Dodging        | |  1.5
Stealth        | |  1.5

Action                   |  1- 3 |  4- 6 |  7- 9 || total
-------------------------+-------+-------+-------++-------
Melee: Short sword       |   107 |    84 |       ||   191
       Unarmed           |     3 |       |       ||     3
       Rapier            |       |    31 |   205 ||   236
       Falchion          |       |    10 |       ||    10
 Cast: Summon Small Mamm |     2 |       |       ||     2
       Call Imp          |    10 |    12 |    27 ||    49
       Call Canine Famil |     5 |    20 |    32 ||    57
       Summon Ice Beast  |       |       |     1 ||     1
       Summon Lightning  |       |       |     2 ||     2
  Use: Scroll            |     1 |     9 |     3 ||    13
 Stab: Sleeping          |     2 |       |     1 ||     3
       Distracted        |       |     2 |     1 ||     3
Armor: Robe              |    28 |     7 |    18 ||    53
Dodge: Dodged            |    92 |    83 |   140 ||   315
       Rpst.: Falchion   |       |     1 |       ||     1

Table legend:
 A = Non-vault XP
 B = Vault XP
 C = Vault XP percentage of total XP
 D = Non-vault monster count
 E = Vault monster count
 F = Vault count percentage of total count
                 A         B        C        D         E       F
            +---------+---------+-------+---------+---------+-------
      Total |    2598 |    1138 |  30.5 |     145 |      13 |   8.2
            +---------+---------+-------+---------+---------+-------
        D:1 |      26 |       4 |  13.3 |      16 |       3 |  15.8
        D:2 |      40 |       0 |   0.0 |      14 |       0 |   0.0
        D:3 |      38 |       0 |   0.0 |      13 |       0 |   0.0
        D:4 |     392 |     152 |  27.9 |      20 |       3 |  13.0
        D:5 |     288 |     208 |  41.9 |      16 |       2 |  11.1
        D:6 |     144 |       0 |   0.0 |       6 |       0 |   0.0
        D:7 |     760 |     774 |  50.5 |      28 |       5 |  15.2
        D:8 |     907 |       0 |   0.0 |      31 |       0 |   0.0
        D:9 |       3 |       0 |   0.0 |       1 |       0 |   0.0
            +---------+---------+-------+---------+---------+-------
